 Dungeon Crawl Stone Soup version 0.31-a0-851-g7ff8af7976 (webtiles) character file.

Game seed: 8448118708496193617

836 Kurtz the Chopper (level 7, -7/52 HPs)
             Began as a Mummy Delver on Oct 6, 2023.
             Mangled by a two-headed ogre
             ... wielding a +0 giant spiked club
              (18 damage)
             ... on level 4 of the Dungeon.
             The game lasted 00:05:28 (3937 turns).

Kurtz the Chopper (Mummy Delver)                    Turns: 3937, Time: 00:05:29

Health: -7/52      AC: 16    Str: 15    XL:     7   Next: 66%
Magic:  7/7        EV:  7    Int: 10    God:
Gold:   255        SH:  5    Dex: 15    Spells: 6/6 levels left

rFire   x . .        g - +0 mace (protect)
rCold   + + .        i - +0 buckler
rNeg    + + +        n - +0 chain mail
rPois   ∞            (no helmet)
rElec   .            (no cloak)
rCorr   .            (no gloves)
SInv    .            o - +0 pair of boots
Will    .....        (no amulet) Stlth
                     s - ring of protection from cold
HPRegen 0.28/turn    (no ring)
MPRegen 0.10/turn

%: faith
@: under a protective aura
A: cold resistance 1, negative energy resistance 3, torment resistance 2, heat
vulnerability 1, in touch with death 1, no potions, faith
a: no special abilities


You were on level 4 of the Dungeon.
You visited 1 branch of the dungeon, and saw 5 of its levels.

You collected 255 gold pieces.

Inventory:

Hand Weapons
 a - a +0 hand axe
 g - a +0 mace of protection (weapon)
Missiles
 q - 6 poisoned darts
 t - 2 boomerangs
Armour
 i - a +0 buckler (worn)
 n - a +0 chain mail (worn)
 o - a +0 pair of boots (worn)
Jewellery
 s - a ring of protection from cold (left hand)
Wands
 f - a wand of digging (3)
Scrolls
 b - a scroll of immolation {unknown}
 c - 2 scrolls of fog
 d - a scroll of revelation
 e - 3 scrolls of fear
 j - a scroll of vulnerability {unknown}
 k - 5 scrolls of identify {unknown}
 l - a scroll of noise {unknown}
 m - a scroll of teleportation {unknown}
 r - a scroll of blinking {unknown}
 u - a scroll of amnesia {unknown}
 v - a scroll of enchant armour {unknown}


   Skills:
 - Level 3.0 Fighting
 * Level 5.6 Axes
 - Level 1.5 Dodging
 - Level 4.1 Stealth
 * Level 4.6 Shields


You had 6 spell levels left.
You didn't know any spells.
Your spell library was empty.

Dungeon Overview and Level Annotations

Branches:
Dungeon (5/15)
 Temple: D:4-7

Altars:
Cheibriados
Qazlal

Shops:
D:4 :


Innate Abilities, Weirdness & Mutations

You are immune to poison.
Your flesh is cold resistant. (rC+)
You are immune to negative energy. (rN+++)
You are immune to unholy pain and torment.
You are vulnerable to heat. (rF-)
You are in touch with the powers of death.
You do not drink.
You have a special connection with the divine. (Faith)


Message History

The poisoned dart hits the two-headed ogre.
The two-headed ogre looks even sicker.
The two-headed ogre is moderately wounded.
Throw: 8 darts (poison)
Press: ? - help, Q - select action, (/) - cycle Shift-Dir - straight line, f/p - two-headed ogre
Aim: a two-headed ogre, wielding a +0 giant spiked club and a +0 giant club (moderately wounded, very poisoned, slow, 72% to hit)
You throw a poisoned dart.
The poisoned dart completely misses the two-headed ogre.
The two-headed ogre is no longer moving slowly.
Throw: 7 darts (poison)
Press: ? - help, Q - select action, (/) - cycle Shift-Dir - straight line, f/p - two-headed ogre
Aim: a two-headed ogre, wielding a +0 giant spiked club and a +0 giant club (moderately wounded, very poisoned, 72% to hit)
You throw a poisoned dart.
The poisoned dart hits the two-headed ogre.
The two-headed ogre looks even sicker.
The two-headed ogre is moderately wounded.
Throw: throwing net
Press: ? - help, Q - select action, (/) - cycle Shift-Dir - straight line, f/p - two-headed ogre
Aim: a two-headed ogre, wielding a +0 giant spiked club and a +0 giant club (moderately wounded, very poisoned, 72% to hit)
You throw a throwing net.
The throwing net barely misses the two-headed ogre.
The two-headed ogre hits you with a +0 giant spiked club!
The two-headed ogre closely misses you.
You hit the two-headed ogre but do no damage.
Your weapon exudes an aura of protection.
The two-headed ogre is moderately wounded.
You sock the two-headed ogre!
The two-headed ogre is heavily wounded.
The two-headed ogre hits you with a +0 giant spiked club!
The two-headed ogre hits you but does no damage.
You hit the two-headed ogre but do no damage.
The two-headed ogre is heavily wounded.
The two-headed ogre hits you with a +0 giant spiked club.
The two-headed ogre hits you but does no damage.
You sock the two-headed ogre!
The two-headed ogre is severely wounded.
The two-headed ogre hits you with a +0 giant spiked club!!
* * * LOW HITPOINT WARNING * * *
The two-headed ogre hits you with a +0 giant club!!
You die...

#.###......##.#######.######.##.#
##.#.##.........# ##.## #.##.#
##.###.........# #...# #.....
#........#.....# #...########.#
#....†..###.#..# #...#...####.#
##......## ##...# #....(.(......
......########..####..((.........
......#♣.....#........)..........
.....##..≈≈≈....@O.(...(.........
....###.≈≈≈≈≈....................
....# #∩≈≈≈≈≈..####...........#.#
##### #.≈≈≈≈≈.## #..............
#..≈≈≈..# #........##.#.# ##
#♣.....## #.....#####.>.# .#
####### #......# ###.# .....
#......# #5.. ..# ##.#.##.# #.##


You could see a two-headed ogre (very poisoned).

Vanquished Creatures
  Grinder (D:3)
  2 ogres
  A hound (D:3)
  A sleepcap (D:4)
  Terence (D:3)
  3 iguanas (D:4)
  Ijyb (D:3)
  An orc wizard (D:4)
  8 gnolls (D:4)
  8 adders
  A white imp (D:4)
  A dart slug (D:2)
  4 orcs
  4 ball pythons
  8 endoplasms
  8 giant cockroaches
  7 goblins
  9 hobgoblins
  6 jackals
  9 quokkas
  3 bats
  4 frilled lizards
  10 kobolds
  7 rats
108 creatures vanquished.

Notes
Turn   | Place    | Note
-------+----------+-------------------------------------------
     0 | D:5      | Kurtz the Mummy Delver began the quest for the Orb.
     0 | D:5      | Reached XP level 1. HP: 18/18 MP: 1/1
    28 | D:5      | Reached skill level 2 in Axes
    28 | D:5      | Reached XP level 2. HP: 23/24 MP: 2/2
   467 | D:1      | Reached XP level 3. HP: 29/29 MP: 3/3
   604 | D:1      | Reached skill level 3 in Axes
  1519 | D:3      | Found a stormy altar of Qazlal.
  1522 | D:3      | Found a snail-covered altar of Cheibriados.
  1529 | D:3      | Reached skill level 1 in Shields
  1529 | D:3      | Noticed Ijyb
  1536 | D:3      | Paralysed by Ijyb for 3 turns
  1537 | D:3      | Killed Ijyb
  1538 | D:3      | Reached XP level 4. HP: 35/35 MP: 4/4
  1577 | D:3      | Noticed an ogre
  1588 | D:3      | Killed an ogre
  1589 | D:3      | Reached XP level 5. HP: 16/41 MP: 5/5
  1710 | D:3      | Noticed Terence
  1728 | D:3      | Killed Terence
  1729 | D:3      | Reached skill level 4 in Axes
  2118 | D:3      | Noticed Grinder
  2123 | D:3      | Paralysed by Grinder for 5 turns
  2164 | D:3      | Killed Grinder
  2165 | D:3      | Reached XP level 6. HP: 39/47 MP: 6/6
  2412 | D:3      | Found a faded altar of an unknown god.
  2675 | D:3      | Reached skill level 5 in Axes
  2748 | D:4      | Found Barogh's Book Shop.
  2782 | D:4      | Reached XP level 7. HP: 52/52 MP: 7/7
  3521 | D:4      | Noticed a two-headed ogre
  3937 | D:4      | Mangled by a two-headed ogre

Illustrated notes

Levels and vault maps discovered:
D:1:      minmay_arrival_nine_rooms, layout_loops_ring
D:2:      layout_loops_ring, minmay_tromino_v4_a
D:3:      layout_loops_ring, mainiacjoe_overflow_catwalk_spiral,
          hellmonk_ecumenical_altar_heavens_door, minmay_pentangle, uniq_ijyb,
          uniq_grinder, uniq_terence
D:4:      layout_loops_cross, serial_shops, nicolae_lakefront_shop,
          minmay_divided_ellipse
D:5:      layout_basic, nicolae_overflow_crystal_walls,
          nicolae_twisty_statue_hallways

Skill      XL: |  1  2  3  4  5  6  7 |
---------------+----------------------+-----
Axes           | 2 3 4 5 |  5.6
Shields        | 1 2 3 4 |  4.6
Fighting       | |  3.0
Dodging        | |  1.5
Stealth        | |  4.1

Action                     |  1- 3 |  4- 6 |  7- 9 || total
---------------------------+-------+-------+-------++-------
  Melee: Hand axe          |    22 |       |       ||    22
         Mace              |    95 |   161 |   142 ||   398
         Punch             |     3 |     1 |       ||     4
  Throw: Throwing net      |     2 |     1 |     3 ||     6
         Dart              |     1 |     1 |    12 ||    14
         Boomerang         |       |       |     6 ||     6
  Evoke: Wand              |       |     3 |     3 ||     6
   Stab: Sleeping          |     5 |       |       ||     5
         Held in net/web   |     2 |     1 |       ||     3
         Paralysed         |       |     8 |       ||     8
 Armour: Leather armour    |    50 |       |       ||    50
         Chain mail        |    12 |   130 |   141 ||   283
  Dodge: Dodged            |    82 |    61 |    39 ||   182
  Block: Buckler           |       |    24 |    24 ||    48

Table legend: (Time is in decaauts)
 A = Elapsed time spent in this place.
 B = Non-inter-level travel time spent in this place.
 C = Inter-level travel time spent in this place.
 D = Time resting spent in this place.
 E = Time spent auto-exploring this place.
 F = Levels seen in this place.
 G = Mean time per level.
                   A        B        C        D        E       F      G
               +--------+--------+--------+--------+--------+-----+--------+
         Total |   4061 |   3913 |    148 |    480 |   2277 |   5 |  812.2 |
       Dungeon |   4061 |   3913 |    148 |    480 |   2277 |   5 |  812.2 |
               +--------+--------+--------+--------+--------+-----+--------+

Top non-repeatable levels by time:
     D:3: 1306 daAuts
     D:4: 1264 daAuts
     D:2: 700 daAuts
     D:1: 662 daAuts
     D:5: 128 daAuts
